 Dungeon Crawl Stone Soup version 0.29-a0-330-g52719c12eb (webtiles) character file.

Game seed: 14537139770098514755

635 HoaS the Quickloader (level 7, -3/42 HPs)
             Began as a Kobold Hunter on May 19, 2022.
             Slain by a killer bee (4 damage)
             ... on level 5 of the Dungeon.
             The game lasted 00:11:21 (4964 turns).

HoaS the Quickloader (Kobold Hunter)                Turns: 4964, Time: 00:11:22

Health: -3/42      AC:  5    Str:  8    XL:     7   Next: 79%
Magic:  7/7        EV: 13    Int: 11    God:
Gold:   168        SH:  0    Dex: 20    Spells: 6/6 levels left

rFire   + . .      SeeInvis .   a - +1 hand crossbow
rCold   . . .      Faith    .   (no shield)
rNeg    . . .      Spirit   .   i - +0 ring mail
rPois   +          Reflect  .   (no helmet)
rElec   .          Harm     .   (no cloak)
rCorr   .          Rampage  .   (no gloves)
Will    .....                   (no boots)
Stlth   +++.......              (no amulet)
HPRegen 0.14/turn               h - ring of protection from fire
MPRegen 0.10/turn               m - ring of poison resistance

@: no status effects
A: small, no large weapons, nightstalker 3
a: no special abilities


You were on level 5 of the Dungeon.
You visited 1 branch of the dungeon, and saw 5 of its levels.

You collected 168 gold pieces.

Inventory:

Hand Weapons
 a - a +1 hand crossbow (weapon)
Armour
 i - a +0 ring mail (worn)
Jewellery
 h - a ring of protection from fire (left hand)
 m - a ring of poison resistance (right hand)
Wands
 n - a wand of flame (17)
 p - a wand of charming (9)
Scrolls
 c - 4 scrolls of immolation
 f - a scroll of holy word {unknown}
 g - 2 scrolls of blinking
Potions
 b - a potion of berserk rage {unknown}
 d - 2 potions of mutation
 e - a potion of flight
 k - a potion of magic {unknown}
 o - a potion of ambrosia {unknown}
 q - a potion of lignification {unknown}
 r - 2 potions of attraction {unknown}


   Skills:
 * Level 3.7 Fighting
 - Level 10.0 Crossbows
 + Level 1.4 Armour
 + Level 3.4 Dodging
 - Level 3.0 Stealth


You had 6 spell levels left.
You didn't know any spells.
Your spell library contained the following spells:

 Spells                   Type           Power      Damage    Failure   Level
 Magic Dart               Conj           0%         1d3       71%         1
 Searing Ray              Conj           0%         2d4       85%         2
 Call Canine Familiar     Summ           0%         N/A       97%         3
 Dazzling Flash           Conj/Hex       0%         N/A       97%         3
 Portal Projectile        Hex/Tloc       0%         N/A       97%         3
 Fulminant Prism          Conj/Hex       0%         3d6       100%        4
 Iskenderun's Mystic Bla  Conj/Tloc      0%         2d3       100%        4
 Leda's Liquefaction      Hex/Erth       0%         N/A       100%        4
 Starburst                Conj/Fire      0%         6d3       100%        6


Dungeon Overview and Level Annotations

Branches:
Dungeon (5/15)
 Temple: D:4-7

Altars:
Ashenzari
Vehumet
Xom
Yredelemnul

Annotations:
D:4 Edmund


Innate Abilities, Weirdness & Mutations

You are small and have problems with some larger weapons.
You are completely attuned to the shadows.


Message History

Aim: a killer bee (severely wounded, 48% to hit)
You shoot a bolt. The bolt hits the killer bee.
The killer bee is almost dead.
The killer bee stings you.
* * * LOW HITPOINT WARNING * * *
The killer bee closely misses you.
The killer bee stings you but does no damage.
Shoot: a) +1 hand crossbow
Press: ? - help, Q - select action, (/) - cycle Shift-Dir - straight line, f/p - killer bee
Aim: a killer bee (almost dead, 48% to hit)
You shoot a bolt. The bolt hits the killer bee!
You kill the killer bee!
The killer bee misses you.
Training target 3.0 for Stealth reached!
Your Stealth skill increases to level 3!
Shoot: a) +1 hand crossbow
Press: ? - help, Q - select action, (/) - cycle Shift-Dir - straight line, f - killer bee
Aim: a killer bee (48% to hit)
You shoot a bolt. The bolt hits the killer bee.
The killer bee is lightly wounded.
The killer bee stings you.
* * * LOW HITPOINT WARNING * * *
The killer bee closely misses you.
Shoot: a) +1 hand crossbow
Press: ? - help, Q - select action, (/) - cycle Shift-Dir - straight line, f/p - killer bee
Aim: a killer bee (lightly wounded, 48% to hit)
You shoot a bolt. The bolt hits the killer bee!
The killer bee is heavily wounded.
The killer bee stings you.
* * * LOW HITPOINT WARNING * * *
The killer bee closely misses you. The killer bee barely misses you.
Shoot: a) +1 hand crossbow
Press: ? - help, Q - select action, (/) - cycle Shift-Dir - straight line, f/p - killer bee
Aim: a killer bee (heavily wounded, 48% to hit)
You shoot a bolt. The bolt hits the killer bee!
The killer bee is almost dead.
The killer bee stings you.
* * * LOW HITPOINT WARNING * * *
The killer bee stings you.
You die...

.......#
#######.##...
.....######....#..
#.## .#...#
##...#### #.##
#.#.###..### ###.
#..#........# ##
......####.## #
#.##...# #.# .
...#.# ### .####@#
..##y####
.....{s..#
...##.#..#
...##.#..#
......#..#
.........#
.......###
....)).#


You could see a scorpion and a killer bee.

Vanquished Creatures
  An ice beast (D:5)
  A gnoll sergeant (D:5)
  2 killer bees (D:5)
  2 hounds
  An iguana (D:5)
  3 orc wizards
  Natasha (thrice) (D:4)
  3 gnolls
  4 adders
  3 worms
  13 orcs
  6 bats
  4 endoplasms
  6 goblins
  A hobgoblin (D:1)
  7 jackals
  11 kobolds
  8 quokkas
  6 ball pythons
  A frilled lizard (D:2)
  3 rats
  A spectral orc (D:3)
90 creatures vanquished.

Vanquished Creatures (others)
  A fungus (D:1)
  17 plants (D:4)
18 creatures vanquished.

Grand Total: 108 creatures vanquished

Notes
Turn   | Place    | Note
-------+----------+-------------------------------------------
     0 | D:1      | HoaS the Kobold Hunter began the quest for the Orb.
     0 | D:1      | Reached XP level 1. HP: 12/12 MP: 1/1
   133 | D:1      | Reached XP level 2. HP: 17/17 MP: 2/2
   388 | D:1      | Reached skill level 6 in Crossbows
   745 | D:1      | Found a faded altar of an unknown god.
  1114 | D:2      | Reached XP level 3. HP: 7/21 MP: 3/3
  1388 | D:2      | Found a shimmering altar of Xom.
  1641 | D:2      | Reached skill level 7 in Crossbows
  1844 | D:2      | Reached XP level 4. HP: 26/26 MP: 4/4
  2449 | D:3      | Reached skill level 8 in Crossbows
  2449 | D:3      | Reached XP level 5. HP: 22/30 MP: 5/5
  2578 | D:3      | Found a basalt altar of Yredelemnul.
  2734 | D:3      | Found a radiant altar of Vehumet.
  3053 | D:4      | Noticed Edmund
  3270 | D:4      | Noticed Natasha
  3274 | D:4      | Killed Natasha
  3275 | D:4      | Reached skill level 9 in Crossbows
  3275 | D:4      | Reached XP level 6. HP: 35/35 MP: 6/6
  3277 | D:4      | Identified the +1 leather armour of Untruth {Int+7}
  3361 | D:4      | Noticed Natasha
  3366 | D:4      | Killed Natasha
  3440 | D:4      | Noticed Natasha
  3442 | D:4      | Killed Natasha
  3564 | D:4      | Found a broken altar of Ashenzari.
  3956 | D:5      | Entered Level 5 of the Dungeon
  4045 | D:5      | Noticed an ice beast
  4051 | D:5      | Killed an ice beast
  4052 | D:5      | Reached skill level 10 in Crossbows
  4052 | D:5      | Reached XP level 7. HP: 27/40 MP: 7/7
  4855 | D:5      | Reached skill level 1 in Armour
  4964 | D:5      | HP: 1/42 [killer bee (4)]
  4964 | D:5      | Slain by a killer bee

Illustrated notes

Levels and vault maps discovered:
D:1:      lemuel_arrival_room, layout_basic,
          shapermc_ecumenical_altar_mp_ritualfount
D:2:      layout_basic, basic_altar
D:3:      layout_basic, nicolae_vehumet_radiance,
          yredelemnul_forgotten_temple_becter, hangedman_feature_mirror
D:4:      layout_rooms, kennysheep_little_box, serial_bayou,
          serial_bayou_pond_a, serial_bayou_shore_b, serial_bayou_lagoon_a,
          serial_bayou_pond_d, serial_bayou_crossing, uniq_natasha, uniq_edmund
D:5:      layout_rooms, tgw_sif, kennysheep_generic_room_16

Skill      XL: |  1  2  3  4  5  6  7 |
---------------+----------------------+-----
Crossbows      | 6 7 8 9 10 | 10.0
Stealth        | 2 3 |  3.0
Fighting       | 3 |  3.7
Dodging        | 3 |  3.4
Armour         | 1 |  1.4

Action                   |  1- 3 |  4- 6 |  7- 9 || total
-------------------------+-------+-------+-------++-------
Melee: Hand crossbow     |       |     2 |       ||     2
 Fire: Hand crossbow     |    80 |   130 |    61 ||   271
  Use: Scroll            |     4 |     4 |       ||     8
       Potion            |       |     2 |     1 ||     3
Armor: Leather armour    |    11 |       |       ||    11
       Ring mail         |       |    24 |    16 ||    40
Dodge: Dodged            |    21 |    38 |    49 ||   108

Table legend: (Time is in decaauts)
 A = Elapsed time spent in this place.
 B = Non-inter-level travel time spent in this place.
 C = Inter-level travel time spent in this place.
 D = Time resting spent in this place.
 E = Time spent auto-exploring this place.
 F = Levels seen in this place.
 G = Mean time per level.
                   A        B        C        D        E       F      G
               +--------+--------+--------+--------+--------+-----+--------+
         Total |   5050 |   4910 |    140 |   1241 |   3056 |   5 | 1010.0 |
       Dungeon |   5050 |   4910 |    140 |   1241 |   3056 |   5 | 1010.0 |
               +--------+--------+--------+--------+--------+-----+--------+

Top non-repeatable levels by time:
     D:4: 1488 daAuts
     D:3: 1200 daAuts
     D:1: 996 daAuts
     D:2: 926 daAuts
     D:5: 439 daAuts
